 Dungeon Crawl Stone Soup version 0.29-b1-5-gddc7ae1da1 (webtiles) character file.

Game seed: 16034916044063139469

93 funkygono the Firebug (level 4, -2/24 HPs)
             Began as a Gargoyle Fire Elementalist on Aug 22, 2022.
             Slain by Robin
             ... wielding a +0 whip
              (4 damage)
             ... on level 2 of the Dungeon.
             The game lasted 00:03:31 (2598 turns).

funkygono the Firebug (Gargoyle Fire Elementalist)  Turns: 2598, Time: 00:03:32

Health: -2/24      AC:  5    Str: 11    XL:     4   Next: 61%
Magic:  3/8        EV: 12    Int: 18    God:
Gold:   232        SH:  0    Dex: 10    Spells: 2/8 levels left

rFire   . . .      SeeInvis .   k - staff of conjuration
rCold   . . .      Faith    .   (no shield)
rNeg    + . .      Spirit   .   a - +0 robe
rPois   ∞          Reflect  .   (no helmet)
rElec   +          Harm     .   (no cloak)
rCorr   .          Rampage  .   (no gloves)
Will    .....                   (no boots)
Stlth   ++........              (no amulet)
HPRegen 0.08/turn               (no ring)
MPRegen 0.11/turn               (no ring)

@: very slightly contaminated
A: sickness immunity, AC +3, negative energy resistance 1, electricity
resistance, torment resistance 1, petrification resistance
a: no special abilities


You were on level 2 of the Dungeon.
You visited 1 branch of the dungeon, and saw 2 of its levels.

You collected 232 gold pieces.

Inventory:

Hand Weapons
 f - a +0 mace
 h - a +0 whip
Armour
 a - a +0 robe (worn)
Magical Staves
 k - a staff of conjuration (weapon)
Jewellery
 o - a ring of see invisible
Wands
 l - a wand of digging (7)
Scrolls
 c - 2 scrolls of immolation {unknown}
 e - 3 scrolls of identify {unknown}
 g - 2 scrolls of fear {unknown}
 i - a scroll of enchant weapon {unknown}
 m - 2 scrolls of teleportation {unknown}
 n - a scroll of enchant armour {unknown}
 p - a scroll of amnesia {unknown}
Potions
 d - a potion of curing {unknown}
 j - a potion of cancellation {unknown}


   Skills:
 + Level 1.8 Dodging
 + Level 2.6 Stealth
 + Level 2.7 Spellcasting
 + Level 1.8 Conjurations
 + Level 4.2 Fire Magic


You had 2 spell levels left.
You knew the following spells:

 Your Spells              Type           Power      Damage    Failure   Level
a - Foxfire               Conj/Fire      76%        2x1d7     4%          1
b - Scorch                Fire           34%        2d7       4%          2
c - Conjure Flame         Conj/Fire      19%        6-21      14%         3

Your spell library contained the following spells:

 Spells                   Type           Power      Damage    Failure   Level
 Apportation              Tloc           4%         N/A       17%         1
 Inner Flame              Hex/Fire       10%        N/A       22%         3
 Flame Wave               Conj/Fire      19%        2d7       43%         4
 Summon Lightning Spire   Summ/Air       2%         N/A       86%         4
 Alistair's Intoxication  Tmut/Pois      1%         N/A       99%         5
 Storm Form               Tmut/Air       1%         N/A       100%        7
 Maxwell's Capacitive Co  Air            1%         ∞         100%        8


Dungeon Overview and Level Annotations

Branches:
Dungeon (2/15)

Altars:
Okawaru

Shops:
D:1 [

Annotations:
D:2 Robin


Innate Abilities, Weirdness & Mutations

You are immune to sickness and miasma.
Your stone body is resilient. (AC +3)
You are immune to poison.
You resist negative energy. (rN+)
You are resistant to electric shocks. (rElec)
You are resistant to unholy torment.
You are immune to petrification.


Message History

You kill the goblin!
The foxfire hits Robin.
Robin is lightly wounded.
The foxfire hits Robin.
Robin is moderately wounded.
Robin zaps a wand.
The bolt of light hits you!!
Ouch! That really hurt!
* * * LOW HITPOINT WARNING * * *
A hobgoblin comes into view.
Casting: Foxfire (safe; 4% risk of failure)
Confirm with . or Enter, or press ? or * to list all spells.
You feel a surge of power!
You miscast Foxfire.
Nothing appears to happen.
Casting: Foxfire (safe; 4% risk of failure)
Confirm with . or Enter, or press ? or * to list all spells.
You feel a surge of power!
You conjure some foxfire!
Unknown command.
Magic courses through your body.
The foxfire hits Robin but does no damage.
Robin is moderately wounded.
The foxfire hits Robin.
Robin is heavily wounded.
Robin roars a battlecry!
A goblin comes into view. It is wielding a +4 dagger.
You hear a shout!
Casting: Foxfire (safe; 4% risk of failure)
Confirm with . or Enter, or press ? or * to list all spells.
You miscast Scorch.
Nothing appears to happen.
Robin closely misses you.
A goblin comes into view. It is wielding a +0 dagger.
Unknown command.
Casting: Scorch (safe; 4% risk of failure)
Confirm with . or Enter, or press ? or * to list all spells.
Flames lash Robin.
Robin is heavily wounded.
Robin's fire resistance burns away.
Robin hits you with a +0 whip.
* * * LOW HITPOINT WARNING * * *
Unknown command.
Casting: Scorch (safe; 4% risk of failure)
Confirm with . or Enter, or press ? or * to list all spells.
You miscast Scorch.
Nothing appears to happen.
Robin hits you with a +0 whip.
You die...

####### #>....#######
#.###.#.....#
#.##..#.###.#######
#.#†..)...#..).)g.#
#.#..g..#.#######.#
##############..@g..##.#
.<..................# #
## ##############...##.#
#. .......# .[...#..# #.
.......# #g#.....#### #.
.......# #.##.......# #.
.......# # #..(...#.#
#####. .......#
#......#.######.....
.......#
..............#.##..


You could see Robin (combustible), a hobgoblin (strong) and a goblin.

Vanquished Creatures
  3 adders (D:2)
  2 worms (D:2)
  5 dart slugs
  3 bats (D:2)
  4 endoplasms (D:2)
  A giant cockroach (D:1)
  4 goblins (D:2)
  6 hobgoblins
  2 jackals (D:1)
  6 ball pythons
  3 frilled lizards (D:2)
  3 kobolds (D:2)
  6 rats
48 creatures vanquished.

Vanquished Creatures (others)
  159 foxfires
159 creatures vanquished.

Grand Total: 207 creatures vanquished

Notes
Turn   | Place    | Note
-------+----------+-------------------------------------------
     0 | D:1      | funkygono the Gargoyle Fire Elementalist began the quest
                  | for the Orb.
     0 | D:1      | Reached XP level 1. HP: 10/10 MP: 3/3
   408 | D:1      | Found Butaewal's Armour Shoppe.
   465 | D:1      | Reached XP level 2. HP: 15/15 MP: 0/5
   516 | D:1      | Learned a level 2 spell: Scorch
  1105 | D:2      | Reached XP level 3. HP: 19/19 MP: 3/6
  1109 | D:2      | Learned a level 3 spell: Conjure Flame
  1355 | D:2      | Reached skill level 4 in Fire Magic
  1846 | D:2      | Reached XP level 4. HP: 24/24 MP: 2/7
  2267 | D:2      | Found a faded altar of an unknown god.
  2308 | D:2      | Found an iron altar of Okawaru.
  2580 | D:2      | Noticed Robin
  2598 | D:2      | Slain by Robin

Illustrated notes

Levels and vault maps discovered:
D:1:      dpeg_arrival_lava_temple_mockup, layout_basic, serial_shops,
          nicolae_shop_waterfront
D:2:      minmay_recursive_quarters, layout_basic,
          dreamdust_ecumenical_altar_statues, basic_altar,
          minmay_quadrilaterals, uniq_robin

Skill      XL: |  1  2  3 |
---------------+----------+-----
Fire Magic     | 4 |  4.2
Dodging        | |  1.8
Stealth        | |  2.6
Spellcasting   | |  2.7
Conjurations   | |  1.8

Action                   |  1- 3 |  4- 6 || total
-------------------------+-------+-------++-------
Melee: Unarmed           |     7 |       ||     7
       Staff             |     2 |     1 ||     3
 Cast: Foxfire           |    65 |    30 ||    95
       Scorch            |     1 |     3 ||     4
  Use: Potion            |       |     1 ||     1
Armor: Robe              |    13 |     3 ||    16
Dodge: Dodged            |    17 |    10 ||    27
